 Dungeon Crawl Stone Soup version 0.25.0-9-g26727b657a (webtiles) character file.

Game seed: 8687030722566042219

1998 HungrySpirit the Tainter (level 9, -2/61 HPs)
             Began as an Octopode Venom Mage on June 16, 2020.
             Was an Initiate of Sif Muna.
             Slain by an ice beast (14 damage)
             ... on level 7 of the Dungeon.
             The game lasted 00:17:26 (8131 turns).

HungrySpirit the Tainter (Octopode Venom Mage)      Turns: 8131, Time: 00:17:27

Health: -2/61      AC:  1    Str:  7    XL:     9   Next: 21%
Magic:  12/17      EV: 14    Int: 20    God:    Sif Muna [......]
Gold:   245        SH:  0    Dex: 13    Spells: 8/19 levels left

rFire    . . .     SeeInvis .     - Unarmed
rCold    . . .     Gourm    .   (no shield)
rNeg     . . .     Faith    +   (helmet restricted)
rPois    .         Spirit   .   e - amulet of faith
rElec    .         Reflect  .   s - ring of protection from magic
rCorr    .         Harm     .   (no ring)
MR       +....                  (no ring)
Stlth    +++.......             (no ring)
HPRegen  0.20/turn              (no ring)
MPRegen  0.15/turn              (no ring)
                                (no ring)
                                (no ring)

@: no status effects
A: almost no armour, stealthy swim, amphibious, 8 rings, constrict 8, camouflage
1, gelatinous body 1
a: Renounce Religion


You were on level 7 of the Dungeon.
You worshipped Sif Muna.
Sif Muna was noncommittal.
You were very hungry.

You visited 2 branches of the dungeon, and saw 8 of its levels.

You collected 245 gold pieces.

Inventory:

Hand Weapons
 A - a +3 morningstar
Armour
 x - a +2 kite shield
Jewellery
 e - an amulet of faith (around mantle)
 j - an uncursed ring of ice
 s - a ring of protection from magic (left tentacle)
Wands
 n - a wand of random effects (23)
 v - a wand of enslavement (1)
 z - a wand of clouds (3)
Scrolls
 g - 6 scrolls of identify
 k - 2 scrolls of teleportation
 l - a scroll of blinking
 m - 2 scrolls of amnesia
 q - 4 scrolls of remove curse
 r - a scroll of fog
 y - a scroll of fear {unknown}
Potions
 a - a potion of brilliance
 c - a potion of berserk rage {unknown}
 d - 3 potions of curing
 f - a potion of magic {unknown}
 h - a potion of stabbing {unknown}
 i - a potion of lignification {unknown}
 o - a potion of heal wounds {unknown}
 p - a potion of haste {unknown}
 t - a potion of might {unknown}
 u - a potion of degeneration {unknown}
Comestibles
 b - 14 rations


   Skills:
 + Level 5.0 Fighting
 - Level 3.0 Dodging
 - Level 2.6 Stealth
 - Level 3.0 Unarmed Combat
 + Level 5.7 Spellcasting
 - Level 3.0 Transmutations
 + Level 3.6 Fire Magic
 - Level 8.0 Poison Magic


You had 8 spell levels left.
You knew the following spells:

 Your Spells              Type           Power        Failure   Level  Hunger
a - Sting                 Tmut/Pois      ####         1%          1    None
b - Olgreb's Toxic Radia  Pois           #####...     4%          4    ####...
c - Ignite Poison         Fire/Tmut/Pois ####....     4%          3    ##.....
d - Mephitic Cloud        Conj/Pois/Air  ###.....     11%         3    ##.....

Your spell library contained the following spells:

 Spells                   Type           Power        Failure   Level  Hunger
 Poisonous Vapours        Pois/Air       ###...       3%          2    None
 Passwall                 Tmut/Erth      ##......     9%          2    None
 Animate Skeleton         Necr           N/A          11%         1    None
 Corona                   Hex            #......      11%         1    None
 Pain                     Necr           #...         11%         1    None
 Sandblast                Erth           #.....       11%         1    None
 Slow                     Hex            #.......     16%         2    None
 Inner Flame              Hex/Fire       ##......     16%         3    ##.....
 Portal Projectile        Hex/Tloc       #.....       32%         3    ##.....
 Stone Arrow              Conj/Erth      #.....       32%         3    ##.....
 Vampiric Draining        Necr           #.........   32%         3    ##.....
 Petrify                  Tmut/Erth      ##......     50%         4    ####...
 Animate Dead             Necr           N/A          71%         4    ####...
 Cause Fear               Hex            #.........   71%         4    ####...
 Leda's Liquefaction      Hex/Erth       #.........   71%         4    ####...
 Agony                    Necr           #.......     96%         5    #####..
 Lee's Rapid Deconstruct  Erth           #.........   96%         5    #####..


Dungeon Overview and Level Annotations

Branches:
Dungeon (7/15)             Temple (1/1) D:6

Altars:
Ashenzari
Cheibriados
Fedhas
Hepliaklqana
Kikubaaqudgha
Makhleb
Okawaru
Ru
Sif Muna
Trog
Vehumet
Xom
Yredelemnul
The Shining One

Annotations:
D:4 3 runed translucent doors, Rayvis's ghost, amateur DsGl


Innate Abilities, Weirdness & Mutations

You cannot wear most types of armour.
You are very stealthy in the water. (Stealth+)
You are amphibious.
You can wear up to eight rings at the same time.
You can use your tentacles to constrict eight enemies at once.
Your skin changes colour to match your surroundings (Stealth+).
Your rubbery body absorbs attacks. (AC +1, EV +1)


Message History

Evoke which item? (* to show all) (? for menu, Esc to quit)
Aiming: Enslavement
Press: ? - help, Shift-Dir - straight line, f/p - ice beast
Aim: an ice beast (lightly wounded, chance to defeat MR: 46%)
The ice beast resists with some effort.
The ice beast hits you. The ice beast freezes you!
* * * LOW HITPOINT WARNING * * *
Evoke which item? (* to show all) (? for menu, Esc to quit)
Aiming: Enslavement
Press: ? - help, Shift-Dir - straight line, f/p - ice beast
Aim: an ice beast (lightly wounded, chance to defeat MR: 46%)
The ice beast resists with some effort.
The ice beast closely misses you.
Evoke which item? (* to show all) (? for menu, Esc to quit)
Aiming: Enslavement
Press: ? - help, Shift-Dir - straight line, f/p - ice beast
Aim: an ice beast (lightly wounded, chance to defeat MR: 46%)
The ice beast resists with some effort.
The ice beast hits you.
* * * LOW HITPOINT WARNING * * *
The ice beast freezes you!
You die...

... .[#.##.#
########.#.##.#
#.....##.#.##.#
#.###.##.#.##.#
#.#<#.##.#.##.#
#.#.#.##.#.##.# #
#@#...##.#.##.#.##
##Y######.>....†...
#...........##†#.##
##########..##.# #
....##†# ###.###.#
#.# #.# #.# #.# #.#
#.#


You could see an ice beast.

Vanquished Creatures
  An orc warrior (D:6)
  A sky beast (D:5)
  2 ogres
  2 centaurs
  2 bullfrogs
  A water moccasin zombie (D:3)
  A scorpion (D:7)
  A howler monkey (D:4)
  3 crimson imps
  3 orc priests
  2 hounds (D:6)
  A bullfrog zombie (D:5)
  A jelly (D:7)
  10 orc wizards
  2 iron imps (D:7)
  Ijyb (D:4)
  Natasha (thrice) (D:4)
  An iguana (D:4)
  8 worker ants
  A hound zombie (D:5)
  10 adders
  A shadow imp (D:6)
  An ooze (D:5)
  2 adder zombies
  An adder skeleton (D:5)
  3 leopard geckos
  25 orcs
  3 ball pythons
  7 bats
  3 giant cockroaches
  6 goblins
  7 hobgoblins
  17 jackals
  3 quokkas
  5 frilled lizards
  A jackal skeleton (D:5)
  4 kobolds
  A leopard gecko skeleton (D:4)
  A quokka zombie (D:5)
  11 rats
159 creatures vanquished.

Notes
Turn   | Place    | Note
-------+----------+-------------------------------------------
     0 | D:1      | HungrySpirit the Octopode Venom Mage began the quest for
                  | the Orb.
     0 | D:1      | Reached XP level 1. HP: 11/11 MP: 3/3
   285 | D:1      | Reached XP level 2. HP: 10/17 MP: 3/5
   555 | D:1      | Reached skill level 4 in Poison Magic
   780 | D:1      | Reached XP level 3. HP: 20/22 MP: 2/6
  1256 | D:2      | Reached skill level 1 in Fighting
  2089 | D:3      | Reached skill level 1 in Unarmed Combat
  2089 | D:3      | Reached XP level 4. HP: 21/28 MP: 5/7
  2140 | D:3      | Found a shattered altar of Ashenzari.
  2548 | D:3      | Reached XP level 5. HP: 14/33 MP: 8/8
  3153 | D:4      | Reached skill level 5 in Poison Magic
  3606 | D:4      | Reached XP level 6. HP: 16/39 MP: 7/10
  3802 | D:4      | Noticed Natasha
  3806 | D:4      | Killed Natasha
  3979 | D:4      | Reached skill level 6 in Poison Magic
  3979 | D:4      | Reached XP level 7. HP: 37/45 MP: 9/12
  4074 | D:4      | Learned a level 4 spell: Olgreb's Toxic Radiance
  4078 | D:4      | Learned a level 3 spell: Ignite Poison
  4142 | D:4      | Noticed Ijyb
  4233 | D:4      | Killed Ijyb
  4483 | D:4      | Found a runed translucent gate.
  4485 | D:4      | Found a runed translucent gate.
  4485 | D:4      | Found a runed translucent gate.
  4487 | D:4      | Noticed Rayvis's ghost (amateur DsGl)
  4670 | D:4      | Noticed Natasha
  4684 | D:4      | Killed Natasha
  4836 | D:4      | Found a basalt altar of Yredelemnul.
  4836 | D:4      | Found a glowing golden altar of the Shining One.
  4847 | D:4      | Noticed an angel
  4855 | D:4      | Noticed a profane servitor
  4909 | D:4      | Noticed Natasha
  4919 | D:4      | Killed Natasha
  4927 | D:4      | Reached skill level 1 in Fire Magic
  5006 | D:5      | Entered Level 5 of the Dungeon
  5318 | D:5      | Found a shimmering altar of Xom.
  5563 | D:5      | Reached skill level 7 in Poison Magic
  5625 | D:5      | Reached XP level 8. HP: 45/51 MP: 10/14
  6320 | D:6      | Found a blossoming altar of Fedhas.
  6359 | D:6      | Reached skill level 8 in Poison Magic
  6517 | D:6      | Reached skill level 5 in Spellcasting
  6896 | D:6      | Found a staircase to the Ecumenical Temple.
  6907 | Temple   | Entered the Ecumenical Temple
  6913 | Temple   | Became a worshipper of Sif Muna the Loreminder
  6927 | D:6      | Reached XP level 9. HP: 57/59 MP: 13/17
  7137 | D:5      | Learned a level 3 spell: Mephitic Cloud
  7829 | D:7      | Found a burning altar of Makhleb.
  7854 | D:7      | Reached skill level 5 in Fighting
  8131 | D:7      | Slain by an ice beast

Illustrated notes

Levels and vault maps discovered:
D:1:      minmay_arrival_three_doors, layout_basic,
          wander_ebering_terrifying_dragon_lair
D:2:      layout_basic
D:3:      layout_basic, cheibrodos_ashenzari_chains, minmay_misc_feat_pillars
D:4:      layout_loops_ring, grunt_temple_overflow_holy_war,
          gammafunk_ghost_split, uniq_ijyb, uniq_natasha
D:5:      layout_loops_ring, first_ration, basic_altar
D:6:      layout_loops_cross, fedhas_ov_isle_minmay,
          minmay_temple_entry_purple_smoke
D:7:      minmay_flawed_box, layout_basic, demons_altar
Temple:   eino_narrow_crystal_temple

Skill      XL: |  1  2  3  4  5  6  7  8  9 |
---------------+----------------------------+-----
Poison Magic   | 4 5 6 7 8 |  8.0
Fighting       | 1 2 4 5 |  5.0
Unarmed Combat | 1 2 3 |  3.0
Transmutations | 2 3 |  3.0
Dodging        | 3 |  3.0
Spellcasting   | 3 4 5 |  5.7
Fire Magic     | 1 2 3 |  3.6
Stealth        | |  2.6

Action                   |  1- 3 |  4- 6 |  7- 9 || total
-------------------------+-------+-------+-------++-------
Melee: Unarmed           |    83 |    67 |   207 ||   357
       Constrict         |    30 |    12 |    46 ||    88
       Tentacles         |    19 |    13 |    52 ||    84
       Punch             |     1 |       |     2 ||     3
 Cast: Sting             |    23 |    41 |    59 ||   123
       Ignite Poison     |       |       |    12 ||    12
       Olgreb's Toxic Ra |       |       |    15 ||    15
       Mephitic Cloud    |       |       |     2 ||     2
Evoke: Wand              |       |       |     5 ||     5
  Use: Scroll            |     7 |     1 |       ||     8
       Potion            |       |     4 |       ||     4
 Stab: Sleeping          |     8 |     3 |     2 ||    13
       Distracted        |     1 |       |     1 ||     2
  Eat: Chunk             |     3 |     7 |    15 ||    25
Armor: Skin              |     9 |     8 |     8 ||    25
Dodge: Dodged            |    57 |    68 |   136 ||   261
